 Dungeon Crawl Stone Soup version 0.26.1-11-gd32895ea62 (webtiles) character file.

Game seed: 4190559872069076101

944 Zeld the Gusty (level 8, -2/58 HPs)
             Began as a Gnoll Air Elementalist on June 7, 2021.
             Was a Follower of Sif Muna.
             Killed from afar by Eustachio (6 damage)
             ... with a puff of flame
             ... on level 6 of the Dungeon.
             The game lasted 00:13:38 (6333 turns).

Zeld the Gusty (Gnoll Air Elementalist)             Turns: 6333, Time: 00:13:38

Health: -2/58      AC:  5    Str: 11    XL:     8   Next: 12%
Magic:  2/16       EV: 15    Int: 20    God:    Sif Muna [*.....]
Gold:   5          SH:  0    Dex: 15    Spells: 3/18 levels left

rFire    . . .     SeeInvis .     - Unarmed
rCold    . . .     Faith    .   (no shield)
rNeg     . . .     Spirit   .   a - +0 robe
rPois    .         Reflect  .   h - +0 helmet
rElec    .         Harm     .   (no cloak)
rCorr    .         Rampage  .   q - +0 pair of gloves
Will     .....                  i - +0 pair of boots
Stlth    +++.......             (no amulet)
HPRegen  0.19/turn              (no ring)
MPRegen  0.15/turn              (no ring)

@: no status effects
A: distributed training, fangs 1, strong nose
a: Renounce Religion, Channel Magic


You were on level 6 of the Dungeon.
You worshipped Sif Muna.
Sif Muna was aware of your devotion.
You visited 2 branches of the dungeon, and saw 7 of its levels.

You collected 148 gold pieces.
You spent 143 gold pieces at shops.

Inventory:

Armour
 a - a +0 robe (worn)
 h - a +0 helmet (worn)
 i - a +0 pair of boots (worn)
 q - a +0 pair of gloves (worn)
Jewellery
 k - a +6 ring of intelligence {unknown}
 x - an uncursed ring of magical power {unknown}
Wands
 t - a wand of digging (5)
 y - a wand of polymorph (10)
Scrolls
 d - 3 scrolls of identify
 e - 3 scrolls of amnesia
 g - 7 scrolls of teleportation
 m - 4 scrolls of remove curse
 v - a scroll of vulnerability
 w - a scroll of random uselessness {unknown}
Potions
 b - 2 potions of heal wounds {unknown}
 c - 10 potions of curing
 f - 3 potions of brilliance
 j - a potion of invisibility {unknown}
 l - 2 potions of haste {unknown}
 n - 2 potions of magic {unknown}
 o - a potion of might {unknown}
 r - a potion of flight {unknown}
 s - a potion of lignification {unknown}
 u - 2 potions of attraction {unknown}


   Skills:
 + Level 3.0 Fighting
 + Level 3.0 Short Blades
 + Level 3.0 Long Blades
 + Level 3.0 Axes
 + Level 3.0 Maces & Flails
 + Level 3.0 Polearms
 + Level 3.0 Staves
 + Level 3.0 Slings
 + Level 3.0 Bows
 + Level 3.0 Crossbows
 + Level 3.0 Throwing
 + Level 3.0 Armour
 + Level 5.5 Dodging
 + Level 5.2 Stealth
 + Level 3.0 Shields
 + Level 3.0 Unarmed Combat
 + Level 5.9 Spellcasting
 + Level 3.3 Conjurations
 + Level 2.4 Hexes
 + Level 2.4 Summonings
 + Level 2.4 Necromancy
 + Level 2.4 Translocations
 + Level 2.4 Transmutations
 + Level 2.4 Fire Magic
 + Level 2.4 Ice Magic
 + Level 6.0 Air Magic
 + Level 2.4 Earth Magic
 + Level 2.4 Poison Magic
 + Level 3.3 Invocations
 + Level 3.0 Evocations


You had 3 spell levels left.
You knew the following spells:

 Your Spells              Type           Power        Failure   Level
a - Shock                 Conj/Air       96%          1%          1
b - Swiftness             Air            30%          1%          2
c - Static Discharge      Conj/Air       24%          4%          3
d - Airstrike             Air            15%          9%          4
e - Lightning Bolt        Conj/Air       12%          41%         5

Your spell library contained the following spells:

 Spells                   Type           Power        Failure   Level


Dungeon Overview and Level Annotations

Branches:
Dungeon (6/15)             Temple (1/1) D:4

Altars:
Ashenzari
Cheibriados
Dithmenos
Elyvilon
Fedhas
Gozag
Hepliaklqana
Kikubaaqudgha
Makhleb
Nemelex Xobeh
Okawaru
Qazlal
Ru
Sif Muna
Trog
Uskayaw
Vehumet
Xom
Zin

Shops:
D:4 !!((   D:5 }

Annotations:
D:6 Eustachio


Innate Abilities, Weirdness & Mutations

Your experience applies equally to all skills.
You have very sharp teeth.
Your uncanny sense of smell can sniff out nearby items.


Message History

* * * LOW HITPOINT WARNING * * *
Unknown command.
The centaur wields a +0 shortbow.
The centaur shoots an arrow.
The arrow closely misses you.
Eustachio zaps a wand.
The puff of flame misses you.
Your magical contamination has completely faded away.
You see here an arrow.
Aiming: Dig
Press: ? - help, Shift-Dir - straight line You can't see that place.
The rock shatters into small pieces.
The centaur shoots an arrow.
The arrow barely misses you.
The arrow hits Eustachio.
Eustachio misses you.
The centaur shoots an arrow.
The arrow misses you.
The arrow closely misses Eustachio.
The centaur shoots an arrow.
The arrow misses you.
Eustachio zaps a wand.
The puff of flame hits you.
* * * LOW HITPOINT WARNING * * *
You see here an arrow.
Eustachio zaps a wand.
The puff of flame hits you.
You die...

*≈≈**,,,,,,*
*≈≈*,,.***,*
*≈≈*,,.,,,,*
***≈≈*,,.##*,*
**≈≈,,,,#.##.#
**≈,,,,,#.##.# **
***,,,,,#.##.# *,
*,,***#.##.# *, ****
#@##.# *, #.##.# ***,
#####@##.# *,,,
#(..(c(.(# *,*,
########o##########,,$
#(Z(.Zo....#**.
##########.###.
*****#####....##.
**,,**.........Z..


You could see Eustachio and a centaur.

Vanquished Creatures
  A water moccasin (D:6)
  2 ogres
  2 scorpions
  An oklob sapling (D:4)
  3 orc priests (D:3)
  4 orc wizards
  4 worker ants
  6 adders
  3 gnolls (D:5)
  A shadow imp (D:5)
  An ufetubus (D:5)
  2 oozes
  3 adder skeletons
  3 worms
  3 dart slugs
  3 leopard geckos
  17 orcs
  3 giant cockroaches
  11 goblins
  6 hobgoblins
  5 jackals (D:4)
  2 quokkas
  A ball python (D:1)
  7 bats
  6 frilled lizards
  8 kobolds
  7 rats
115 creatures vanquished.

Vanquished Creatures (others)
  23 plants (D:4)
23 creatures vanquished.

Grand Total: 138 creatures vanquished

Notes
Turn   | Place    | Note
-------+----------+-------------------------------------------
     0 | D:1      | Zeld the Gnoll Air Elementalist began the quest for the
                  | Orb.
     0 | D:1      | Reached XP level 1. HP: 13/13 MP: 6/6
    89 | D:1      | Reached XP level 2. HP: 20/20 MP: 0/7
    92 | D:1      | Learned a level 2 spell: Swiftness
   473 | D:1      | Reached XP level 3. HP: 25/25 MP: 2/9
   477 | D:1      | Learned a level 3 spell: Static Discharge
   601 | D:1      | Reached skill level 5 in Spellcasting
  1057 | D:1      | Found a broken altar of Ashenzari.
  1079 | D:2      | Reached skill level 1 in Invocations
  1267 | D:2      | Reached skill level 1 in Fighting
  1267 | D:2      | Reached skill level 1 in Short Blades
  1267 | D:2      | Reached skill level 1 in Long Blades
  1267 | D:2      | Reached skill level 1 in Axes
  1267 | D:2      | Reached skill level 1 in Maces & Flails
  1267 | D:2      | Reached skill level 1 in Polearms
  1267 | D:2      | Reached skill level 1 in Staves
  1267 | D:2      | Reached skill level 1 in Slings
  1267 | D:2      | Reached skill level 1 in Bows
  1267 | D:2      | Reached skill level 1 in Crossbows
  1267 | D:2      | Reached skill level 1 in Throwing
  1267 | D:2      | Reached skill level 1 in Armour
  1267 | D:2      | Reached skill level 1 in Shields
  1267 | D:2      | Reached skill level 1 in Unarmed Combat
  1267 | D:2      | Reached skill level 1 in Evocations
  1287 | D:2      | Reached XP level 4. HP: 32/32 MP: 3/11
  1292 | D:2      | Learned a level 4 spell: Airstrike
  2189 | D:2      | Reached skill level 1 in Hexes
  2189 | D:2      | Reached skill level 1 in Summonings
  2189 | D:2      | Reached skill level 1 in Necromancy
  2189 | D:2      | Reached skill level 1 in Translocations
  2189 | D:2      | Reached skill level 1 in Transmutations
  2189 | D:2      | Reached skill level 1 in Fire Magic
  2189 | D:2      | Reached skill level 1 in Ice Magic
  2189 | D:2      | Reached skill level 1 in Earth Magic
  2189 | D:2      | Reached skill level 1 in Poison Magic
  2287 | D:2      | Found a stormy altar of Qazlal.
  2774 | D:3      | Reached XP level 5. HP: 30/37 MP: 7/12
  3003 | D:3      | Reached XP level 6. HP: 44/44 MP: 3/13
  3009 | D:3      | Learned a level 5 spell: Lightning Bolt
  3459 | D:3      | Reached skill level 5 in Dodging
  3725 | D:4      | Reached XP level 7. HP: 13/50 MP: 0/15
  4060 | D:4      | Found Buatirr's Antique Weapon Shoppe.
  4062 | D:4      | Found Oxoes's Antique Weapon Shoppe.
  4066 | D:4      | Found Rati's Distillery.
  4066 | D:4      | Found Jefrorim's Distillery.
  4073 | D:4      | Bought 2 potions of brilliance for 104 gold pieces
  4091 | D:4      | Found an iron altar of Okawaru.
  4366 | D:4      | Found a staircase to the Ecumenical Temple.
  4380 | Temple   | Entered the Ecumenical Temple
  4609 | Temple   | Became a worshipper of Sif Muna the Loreminder
  5087 | D:4      | Found a sacrificial altar of Ru.
  5088 | D:4      | Found an opulent altar of Gozag.
  5089 | D:4      | Found a hide-covered altar of Uskayaw.
  5090 | D:4      | Found an ancient bone altar of Kikubaaqudgha.
  5091 | D:4      | Found a snail-covered altar of Cheibriados.
  5204 | D:4      | Bought a potion of curing for 39 gold pieces
  5234 | D:5      | Entered Level 5 of the Dungeon
  5380 | D:5      | Reached skill level 5 in Stealth
  6004 | D:5      | Found Nihesiazah's Gadget Emporium.
  6237 | D:6      | Reached * piety under Sif Muna
  6283 | D:6      | Reached skill level 6 in Air Magic
  6283 | D:6      | Reached XP level 8. HP: 58/58 MP: 3/16
  6314 | D:6      | Noticed Eustachio
  6333 | D:6      | Killed from afar by Eustachio

Illustrated notes

Levels and vault maps discovered:
D:1:      dpeg_arrival_water_altar, layout_basic
D:2:      layout_rooms, nicolae_qazlal_general_emergency
D:3:      layout_basic, st_stairs_4
D:4:      layout_rooms, grunt_temple_overflow_open, okawaru_trees_2,
          minmay_temple_entry_oklob, minmay_shop_grid_forest
D:5:      layout_cave_pools, serial_shops, nicolae_shop_statue_plus
D:6:      layout_cave_pools, cheibrodos_sewer_entry_bend, grunt_decor_clamped,
          hangedman_decor_points, minmay_misc_feat_ornament,
          roderic_serpentine_path, glass_columns_a, uniq_eustachio
Temple:   minmay_temple_bridge_abc

Skill      XL: |  1  2  3  4  5  6  7 |
---------------+----------------------+-----
Conjurations   | 2 3 |  3.3
Spellcasting   | 5 |  5.9
Invocations    | 1 2 3 |  3.3
Fighting       | 1 2 3 |  3.0
Short Blades   | 1 2 3 |  3.0
Long Blades    | 1 2 3 |  3.0
Axes           | 1 2 3 |  3.0
Maces & Flails | 1 2 3 |  3.0
Polearms       | 1 2 3 |  3.0
Staves         | 1 2 3 |  3.0
Slings         | 1 2 3 |  3.0
Bows           | 1 2 3 |  3.0
Crossbows      | 1 2 3 |  3.0
Throwing       | 1 2 3 |  3.0
Armour         | 1 2 3 |  3.0
Shields        | 1 2 3 |  3.0
Unarmed Combat | 1 2 3 |  3.0
Evocations     | 1 2 3 |  3.0
Hexes          | 1 2 |  2.4
Summonings     | 1 2 |  2.4
Necromancy     | 1 2 |  2.4
Translocations | 1 2 |  2.4
Transmutations | 1 2 |  2.4
Fire Magic     | 1 2 |  2.4
Ice Magic      | 1 2 |  2.4
Earth Magic    | 1 2 |  2.4
Poison Magic   | 1 2 |  2.4
Dodging        | 5 |  5.5
Stealth        | 5 |  5.2
Air Magic      | 6 |  6.0

Action                   |  1- 3 |  4- 6 |  7- 9 || total
-------------------------+-------+-------+-------++-------
Melee: Unarmed           |       |    40 |    23 ||    63
       Bite              |       |     3 |     3 ||     6
       Punch             |       |     1 |       ||     1
 Cast: Shock             |    64 |   113 |    71 ||   248
       Swiftness         |     1 |     1 |       ||     2
       Static Discharge  |       |     2 |       ||     2
       Airstrike         |       |     5 |    16 ||    21
Evoke: Wand              |       |       |     2 ||     2
  Use: Scroll            |       |       |     6 ||     6
       Potion            |       |       |     1 ||     1
Armor: Robe              |       |    14 |     7 ||    21
Dodge: Dodged            |     9 |    63 |    44 ||   116
